AoeStats
← 小奶狗

Arena

509144609Analyzed
4v4 RM · 8d ago on Sep 25, 2026· 64m 15s· 8 players
Game mode
Random Map
Map size
Large (8 player)
Population
200
Speed
Normal
Resources
Standard
Victory
Conquest
Starting age
Dark Age
Ending age
Imperial Age
RankedLock teamsTeams togetherTeam positionsShared explorationLock speedFull tech treeHidden civsTurbo modeCheats
Victory
Defeat
🇹🇼 Japanese · Taiwan
1059
+17
🇨🇳 Mongols · China
1054
+17
🇮🇹 Hindustanis · Italy
1035
+18
🇹🇼 Bulgarians · Taiwan
1024
+18
🇹🇼 Burgundians · Taiwan
1116
-19
🇹🇼 Malians · Taiwan
1066
-17
🇹🇼 Britons · Taiwan
1064
-17
🇬🇧 Franks · United Kingdom
1058
-17
Cann
10:24 Feudal Age
15:25 Castle Age
13:31 Double-Bit Axe
15:30 Gold Mining
16:45 Bow Saw
20:31 Wheelbarrow
27:22 Imperial Age
24:44 Stone Mining
26:04 Stone Shaft Mining
25:14 Horse Collar
26:39 Heavy Plow
26:58 Hand Cart
26:59 Fletching
28:07 Gold Shaft Mining
28:37 Scale Barding Armor
28:43 Forging
28:50 Bloodlines
28:40 Husbandry
29:45 Chain Barding Armor
31:28 Plate Barding Armor
31:29 Iron Casting
32:53 Conscription
35:33 Scale Mail Armor
35:35 Squires
35:14 Pikeman
35:52 Elite Konnik
37:53 Crop Rotation
39:21 Blast Furnace
38:37 Chain Mail Armor
38:47 Halberdier
39:55 Light Cavalry
42:02 Stirrups
42:42 Caravan
42:52 Hussar
53:03 Arson
53:43 Loom
58:12 Plate Mail Armor
Kuro
1:26 Loom
13:35 Feudal Age
14:12 Horse Collar
14:25 Double-Bit Axe
20:36 Castle Age
18:38 Man-at-Arms
21:58 Bow Saw
24:54 Long Swordsman
25:35 Squires
25:23 Gambesons
25:47 Scale Mail Armor
27:48 Heavy Plow
27:56 Gold Mining
28:29 Forging
29:33 Wheelbarrow
28:48 Town Watch
28:54 Arson
29:48 Iron Casting
29:29 Chain Mail Armor
30:48 Caravan
31:32 Hand Cart
38:25 Imperial Age
37:30 Pikeman
38:32 Halberdier
39:47 Plate Mail Armor
40:19 Blast Furnace
39:44 Conscription
41:05 Two-Man Saw
39:53 Elite Samurai
42:20 Two-Handed Swordsman
43:16 Champion
44:46 Capped Ram
46:10 Fletching
46:21 Padded Archer Armor
46:33 Bodkin Arrow
46:24 Onager
49:49 Chemistry
48:57 Siege Engineers
49:06 Fortified Wall
verbumdei76
8:31 Loom
11:01 Feudal Age
15:53 Castle Age
14:20 Double-Bit Axe
14:40 Horse Collar
17:52 Bow Saw
19:06 Fervor
20:15 Town Watch
22:57 Sanctity
25:38 Fortified Wall
33:28 Scale Mail Armor
34:14 Forging
34:41 Bloodlines
35:30 Gold Mining
36:54 Scale Barding Armor
38:05 Fletching
40:09 Wheelbarrow
40:24 Chain Barding Armor
41:30 Iron Casting
41:51 Town Patrol
42:56 Hand Cart
43:12 Masonry
55:58 Grand Trunk Road
56:50 Chain Mail Armor
60:22 Husbandry
59:47 Light Cavalry
61:48 Gold Shaft Mining
65:16 Imperial Age
dragonhunter
2:04 Loom
10:12 Feudal Age
15:09 Castle Age
13:19 Double-Bit Axe
16:06 Bow Saw
16:11 Horse Collar
17:32 Heavy Plow
19:52 Gold Mining
21:25 Fervor
22:08 Wheelbarrow
23:50 Bloodlines
24:01 Fletching
25:08 Bodkin Arrow
27:18 Forging
28:03 Hand Cart
30:12 Husbandry
34:09 Imperial Age
31:55 Stone Mining
32:28 Padded Archer Armor
34:00 Ballistics
34:02 Caravan
35:49 Stone Shaft Mining
35:53 Gold Shaft Mining
36:52 Parthian Tactics
36:49 Leather Archer Armor
38:21 Conscription
40:40 Light Cavalry
42:58 Chemistry
41:30 Elite Mangudai
41:59 Hussar
43:38 Heavy Cavalry Archer
47:17 Capped Ram
47:35 Heavy Camel Rider
49:35 Onager
50:44 Masonry
51:36 Bracer
55:12 Onager
60:02 Siege Onager
63:28 Drill
62:32 Elite Skirmisher
63:29 Siege Ram
Gamer_90_
4:37 Loom
11:10 Feudal Age
12:44 Wheelbarrow
13:21 Town Watch
16:53 Castle Age
16:09 Double-Bit Axe
17:56 Forging
21:20 Gold Mining
28:34 Stone Mining
30:43 Iron Casting
31:04 Gold Shaft Mining
30:32 Treadmill Crane
30:48 Murder Holes
31:52 Masonry
31:21 Pikeman
32:01 Squires
32:13 Light Cavalry
32:53 Husbandry
33:01 Scale Barding Armor
33:52 Hand Cart
37:01 Imperial Age
36:26 Chain Barding Armor
36:06 Scale Mail Armor
36:07 Padded Archer Armor
36:11 Scale Mail Armor
39:31 Chemistry
39:02 Architecture
38:43 Fortified Wall
38:22 Cavalier
40:12 Coinage
39:58 Town Patrol
41:01 Caravan
41:31 Banking
42:59 Banking
42:43 Paladin
44:42 Blast Furnace
44:20 Bow Saw
46:24 Plate Barding Armor
57:55 Arson
59:18 Chain Mail Armor
59:03 Padded Archer Armor
58:54 Fletching
58:53 Halberdier
58:56 Elite Skirmisher
58:56 Crossbowman
60:36 Elite Throwing Axeman
60:37 Ordonnance Companies
62:17 Gambesons
63:04 Plate Mail Armor
虎戰
2:34 Loom
11:30 Feudal Age
9:49 Double-Bit Axe
17:48 Castle Age
16:48 Bow Saw
16:20 Horse Collar
18:07 Heavy Plow
21:12 Crop Rotation
21:47 Two-Man Saw
22:19 Burgundian Vineyards
23:43 Wheelbarrow
25:18 Hand Cart
24:59 Gold Mining
26:41 Cavalier
27:24 Husbandry
31:22 Imperial Age
29:52 Gold Shaft Mining
31:05 Forging
31:03 Scale Barding Armor
31:30 Paladin
33:16 Iron Casting
34:06 Conscription
35:52 Blast Furnace
36:05 Town Watch
38:13 Chain Barding Armor
39:45 Plate Barding Armor
41:48 Light Cavalry
44:09 Chemistry
43:41 Ballistics
43:13 Hussar
44:10 Town Patrol
50:02 Conscription
莖鋼狼
0:28 Loom
10:53 Feudal Age
16:30 Castle Age
15:24 Double-Bit Axe
25:59 Horse Collar
29:34 Imperial Age
27:42 Gold Mining
28:36 Fletching
29:16 Squires
30:06 Wheelbarrow
31:45 Conscription
32:58 Crossbowman
35:09 Arbalester
38:39 Bow Saw
38:29 Bodkin Arrow
38:56 Ballistics
39:49 Chemistry
39:43 Bracer
39:44 Padded Archer Armor
41:28 Leather Archer Armor
41:19 Scale Barding Armor
40:56 Treadmill Crane
42:01 Gold Shaft Mining
41:17 Stone Mining
43:27 Scale Mail Armor
47:20 Husbandry
46:41 Light Cavalry
48:06 Warwolf
48:54 Ring Archer Armor
56:44 Masonry
56:53 Chain Mail Armor
56:49 Forging
59:24 Two-Man Saw
59:03 Elite Longbowman
61:02 Plate Mail Armor
小奶狗
0:26 Loom
11:10 Feudal Age
15:14 Castle Age
14:59 Double-Bit Axe
16:27 Stone Mining
23:14 Horse Collar
29:44 Imperial Age
29:43 Gold Mining
30:49 Conscription
31:02 Forging
30:52 Scale Mail Armor
31:33 Elite Gbeto
32:21 Squires
32:06 Arson
33:34 Wheelbarrow
34:47 Iron Casting
34:29 Chain Mail Armor
35:17 Scale Barding Armor
35:33 Hand Cart
35:05 Town Watch
35:10 Pikeman
38:49 Chain Barding Armor
38:59 Plate Mail Armor
38:41 Bow Saw
38:33 Heavy Plow
40:11 Plate Barding Armor
44:27 Fletching
44:37 Padded Archer Armor
46:09 Bodkin Arrow
46:29 Leather Archer Armor
49:02 Ring Archer Armor
49:53 Elite Skirmisher
50:41 Thumb Ring
58:51 Ballistics
59:31 Chemistry
Connection lost

Rejoining the realm…

Still unreachable

The connection could not be restored.

Session expired

The server has moved on; the page needs a fresh start.